 Dungeon Crawl Stone Soup version 0.28-a0-536-g4f1c8046e5 (webtiles) character file.

Game seed: 14522819514466613009

1453 Ijustatesigmund the Cudgeller (level 8, -7/53 HPs)
             Began as a Gargoyle Fighter on Sept 27, 2021.
             Mangled by an orc warrior (16 damage)
             ... on level 6 of the Dungeon.
             The game lasted 00:08:12 (6849 turns).

Ijustatesigmund the Cudgeller (Gargoyle Fighter)    Turns: 6849, Time: 00:08:13

Health: -7/53      AC: 16    Str: 19    XL:     8   Next: 75%
Magic:  8/8        EV:  7    Int: 14    God:
Gold:   286        SH:  5    Dex: 11    Spells: 7/7 levels left

rFire   . . .      SeeInvis .   a - +1 flail
rCold   . . .      Faith    .   c - +1 buckler
rNeg    + . .      Spirit   .   b - +1 chain mail of Red Amelioration {rCorr Int+4 Stlth+}
rPois   ∞          Reflect  .   (no helmet)
rElec   +          Harm     .   (no cloak)
rCorr   +          Rampage  .   (no gloves)
Will    .....                   (no boots)
Stlth   ..........              (no amulet)
HPRegen 0.17/turn               (no ring)
MPRegen 0.11/turn               (no ring)

@: no status effects
A: sickness immunity, AC +5, negative energy resistance 1, electricity
resistance, torment resistance 1, petrification resistance
a: no special abilities


You were on level 6 of the Dungeon.
You visited 1 branch of the dungeon, and saw 6 of its levels.

You collected 286 gold pieces.

Inventory:

Hand Weapons
 a - a +1 flail (weapon)
Armour
 b - the +1 chain mail of Red Amelioration (worn) {rCorr Int+4 Stlth+}
   (You found it on level 4 of the Dungeon)

   Int:       It affects your intelligence (+4).
   rCorr:     It protects you from acid and corrosion.
   Stlth:     It makes you more stealthy.
 c - a +1 buckler (worn)
Jewellery
 d - a ring of fire
Wands
 h - a wand of iceblast (10)
Scrolls
 e - a scroll of immolation {unknown}
 i - 3 scrolls of teleportation
 m - a scroll of enchant weapon
Potions
 f - 2 potions of flight
 g - a potion of resistance {unknown}
 j - 2 potions of curing
 n - a potion of heal wounds {unknown}


   Skills:
 + Level 7.4 Fighting
 + Level 7.5 Maces & Flails
 + Level 6.1 Armour
 - Level 3.2 Shields


You had 7 spell levels left.
You didn't know any spells.
Your spell library contained the following spells:

 Spells                   Type           Power      Damage    Failure   Level
 Static Discharge         Conj/Air       0%         N/A       99%         2
 Frozen Ramparts          Ice            0%         1d2       100%        3
 Ignite Poison            Fire/Tmut/Pois 0%         N/A       100%        3
 Mephitic Cloud           Conj/Pois/Air  0%         N/A       100%        3
 Airstrike                Air            0%         N/A       100%        4
 Ice Form                 Ice/Tmut       0%         N/A       100%        4
 Summon Ice Beast         Ice/Summ       0%         N/A       100%        4
 Summon Lightning Spire   Summ/Air       0%         N/A       100%        4
 Freezing Cloud           Conj/Ice/Air   0%         6-21      100%        5
 Lightning Bolt           Conj/Air       0%         1d11      100%        5
 Maxwell's Capacitive Co  Air            0%         ∞         100%        8


Dungeon Overview and Level Annotations

Branches:
Dungeon (6/15)
 Temple: D:4-7

Altars:
Fedhas
Qazlal
Ru
Zin

Annotations:
D:4 2 transporters


Innate Abilities, Weirdness & Mutations

You are immune to sickness and miasma.
Your stone body is resilient. (AC +5)
You are immune to poison.
You resist negative energy. (rN+)
You are resistant to electric shocks. (rElec)
You are resistant to unholy torment.
You are immune to petrification.


Message History

The orc warrior is severely wounded.
The orc barely misses you. The orc hits you with a +0 short sword.
The orc warrior hits you but does no damage.
You barely miss the orc warrior.
The orc warrior is severely wounded.
The orc hits you with a +0 short sword. The orc hits you but does no damage.
The orc warrior closely misses you.
You hit the orc warrior but do no damage.
The orc warrior is severely wounded.
The orc barely misses you. x2
The orc warrior hits you but does no damage.
You hit the orc warrior but do no damage.
The orc warrior is severely wounded.
The orc hits you but does no damage. The orc barely misses you.
The orc warrior hits you with a +0 scimitar!
You are too injured to fight recklessly!
You are too injured to fight recklessly!
You are too injured to fight recklessly!
You are too injured to fight recklessly!
You are too injured to fight recklessly!
You are too injured to fight recklessly!
You are too injured to fight recklessly!
You are too injured to fight recklessly!
You are too injured to fight recklessly!
You are too injured to fight recklessly!
You are too injured to fight recklessly!
You are too injured to fight recklessly!
You are too injured to fight recklessly!
You are too injured to fight recklessly!
You are too injured to fight recklessly!
You barely miss the orc warrior.
The orc warrior is severely wounded.
The orc hits you but does no damage. The orc barely misses you.
The orc warrior hits you with a +0 scimitar!
* * * LOW HITPOINT WARNING * * *
You barely miss the orc warrior.
The orc warrior is severely wounded.
You block the orc's attack. The orc hits you but does no damage.
The orc warrior hits you with a +0 scimitar!
You die...

......#..........# #...........
......#..........# #..........'
......#..........# #..........#
......#..........### #..........#
#.....########.....#+###........#
#.....# ....#.....'. #........#
......#......'.....# #.....####
......'..... #.oo..# #.....#...
#..######..###.o@..#####.....#...
#..##.###..#.................#...
........#..'.................#...
........#..#.................#...
........#..#.................#...
..†.....#..#.................#...
#..#######'#.................#...
#..#..........####....####'###...
...#..........#..#....#..........


You could see an orc warrior and 2 orcs.

Vanquished Creatures
  The ghost of Heedrag the Conjurer, an amateur DsCj (D:3)
  A water moccasin (D:6)
  An ice beast (D:3)
  An orc warrior (D:4)
  2 ogres (D:6)
  A kobold brigand (D:6)
  2 water moccasin zombies (D:6)
  A water moccasin skeleton (D:6)
  3 bullfrog zombies (D:6)
  2 centaur zombies (D:6)
  2 hounds (D:6)
  2 bullfrog skeletons (D:6)
  A jelly (D:4)
  Jessica (D:3)
  A scorpion zombie (D:3)
  2 iguanas (D:6)
  2 orc wizards (D:4)
  A howler monkey zombie (D:6)
  3 gnolls (D:6)
  5 adders
  A worm (D:4)
  2 dart slugs
  16 orcs
  5 ball pythons
  4 bats
  8 endoplasms
  4 giant cockroaches
  5 goblins
  6 hobgoblins
  6 jackals (D:3)
  3 quokkas
  3 frilled lizards
  10 kobolds
  9 rats
117 creatures vanquished.

Vanquished Creatures (others)
  2 withered plants (D:6)
2 creatures vanquished.

Grand Total: 119 creatures vanquished

Notes
Turn   | Place    | Note
-------+----------+-------------------------------------------
     0 | D:1      | Ijustatesigmund the Gargoyle Fighter began the quest for
                  | the Orb.
     0 | D:1      | Reached XP level 1. HP: 14/14 MP: 1/1
   146 | D:1      | Reached XP level 2. HP: 19/19 MP: 2/2
   820 | D:1      | Found a faded altar of an unknown god.
   967 | D:1      | Reached XP level 3. HP: 6/24 MP: 3/3
  2113 | D:3      | Found a transporter.
  2116 | D:3      | Reached XP level 4. HP: 22/29 MP: 4/4
  2487 | D:3      | Noticed Jessica
  2499 | D:3      | Killed Jessica
  2678 | D:3      | Noticed Heedrag's ghost (amateur DsCj)
  2680 | D:3      | Found a transporter.
  2705 | D:3      | Killed Heedrag's ghost
  2706 | D:3      | Reached skill level 5 in Maces & Flails
  2706 | D:3      | Reached XP level 5. HP: 15/34 MP: 5/5
  2706 | D:3      | Reached XP level 6. HP: 18/40 MP: 6/6
  2714 | D:3      | Reached skill level 5 in Fighting
  3183 | D:3      | Noticed an ice beast
  3198 | D:3      | Killed an ice beast
  4199 | D:4      | Found a transporter.
  4208 | D:4      | Found a transporter.
  4239 | D:4      | Found a blossoming altar of Fedhas.
  4280 | D:4      | Identified the +1 chain mail of Red Amelioration {rCorr
                  | Int+4 Stlth+}
  4337 | D:4      | Found a stormy altar of Qazlal.
  4451 | D:4      | Noticed an orc warrior
  4474 | D:4      | Killed an orc warrior
  4475 | D:4      | Reached XP level 7. HP: 11/44 MP: 7/7
  5056 | D:5      | Entered Level 5 of the Dungeon
  5056 | D:5      | Noticed a two-headed ogre
  5736 | D:6      | Reached XP level 8. HP: 52/52 MP: 8/8
  5745 | D:6      | Found a sacrificial altar of Ru.
  5746 | D:6      | Found a glowing silver altar of Zin.
  5773 | D:6      | Reached skill level 5 in Armour
  6849 | D:6      | Mangled by an orc warrior

Illustrated notes

Levels and vault maps discovered:
D:1:      dpeg_arrival_pits, layout_loops_ring, ebering_ecumenical_altar_hall,
          dk_noncrumbling_2, st_stairs_4
D:2:      layout_loops_ring
D:3:      layout_loops_ring, gammafunk_ghost_arena, serial_co_window_serial,
          co_window_paths_a, co_window_of_opportunity_a, co_window_corner_a,
          co_window_paths_b, co_window_corner_a, co_window_of_opportunity_b,
          co_window_of_opportunity_b, co_window_corner_cb, co_window_broadway_b,
          co_window_broadway_c, glass_columns_b, glass_columns_c,
          glass_columns_a, minivault_14, grunt_ministairs_14, st_stairs_2,
          small_statue_intersection, minmay_crystal_room,
          minmay_misc_feat_plants, uniq_jessica
D:4:      gammafunk_steamed_eel, layout_basic,
          grunt_temple_overflow_forces_of_nature
D:5:      minmay_skewed_foursquare, layout_gridville, serial_bayou_lake_a,
          uniq_sigmund
D:6:      layout_gridville, mainiacjoe_overflow_divided_tiny, serial_undead,
          serial_undead_b, serial_undead_f, serial_undead_d, serial_undead_e

Skill      XL: |  1  2  3  4  5  6  7  8 |
---------------+-------------------------+-----
Maces & Flails | 3 5 6 7 |  7.5
Fighting       | 4 5 6 7 |  7.4
Armour         | 4 6 |  6.1
Shields        | |  3.2

Action                   |  1- 3 |  4- 6 |  7- 9 || total
-------------------------+-------+-------+-------++-------
Melee: Flail             |   130 |   142 |   209 ||   481
  Use: Scroll            |     4 |     7 |     2 ||    13
       Potion            |       |     6 |       ||     6
Armor: Scale mail        |    70 |    84 |       ||   154
       Chain mail        |       |     7 |   150 ||   157
       Skin              |       |     5 |       ||     5
Dodge: Dodged            |    72 |    55 |    76 ||   203
Block: Buckler           |    27 |    44 |    63 ||   134

Table legend: (Time is in decaauts)
 A = Elapsed time spent in this place.
 B = Non-inter-level travel time spent in this place.
 C = Inter-level travel time spent in this place.
 D = Time resting spent in this place.
 E = Time spent auto-exploring this place.
 F = Levels seen in this place.
 G = Mean time per level.
                   A        B        C        D        E       F      G
               +--------+--------+--------+--------+--------+-----+--------+
         Total |   6925 |   6803 |    122 |   1378 |   4415 |   6 | 1154.2 |
       Dungeon |   6925 |   6803 |    122 |   1378 |   4415 |   6 | 1154.2 |
               +--------+--------+--------+--------+--------+-----+--------+

Top non-repeatable levels by time:
     D:3: 1805 daAuts
     D:6: 1788 daAuts
     D:1: 1316 daAuts
     D:4: 1217 daAuts
     D:2: 780 daAuts
     D:5: 17 daAuts
